 Dungeon Crawl Stone Soup version 0.29.1-13-g9f3cf754e1 (webtiles) character file.

Game seed: 13813788781173411261

0 croobank the Sneak (level 1, -1/16 HPs)
             Began as an Octopode Delver on Feb 7, 2023.
             Slain by an orc wizard
             ... wielding a +0 dagger
              (3 damage)
             ... on level 4 of the Dungeon.
             The game lasted 00:00:24 (39 turns).

croobank the Sneak (Octopode Delver)                  Turns: 39, Time: 00:00:25

Health: -1/16      AC:  1    Str: 11    XL:     1   Next: 0%
Magic:  1/1        EV: 13    Int: 12    God:
Gold:   3          SH:  0    Dex: 13    Spells: 0/0 levels left

rFire   . . .      SeeInvis .   g - +3 war axe
rCold   . . .      Faith    .   (no shield)
rNeg    . . .      Spirit   .   (helmet restricted)
rPois   .          Reflect  .   (no amulet)
rElec   .          Harm     .   (no ring)
rCorr   .          Rampage  .   (no ring)
Will    .....                   (no ring)
Stlth   ++........              (no ring)
HPRegen 0.05/turn               (no ring)
MPRegen 0.07/turn               (no ring)
                                (no ring)
                                (no ring)

@: confused
A: almost no armour, amphibious, 8 rings, camouflage 1, gelatinous body 1,
(nimble swimmer 1), tentacles
a: no special abilities


You were on level 4 of the Dungeon.
You visited 1 branch of the dungeon, and saw 3 of its levels.

You collected 3 gold pieces.

Inventory:

Hand Weapons
 a - a +0 hand axe
 g - a +3 war axe (weapon)
Wands
 f - a wand of digging (3)
Scrolls
 b - a scroll of fog
 c - a scroll of magic mapping
 d - a scroll of fear
Potions
 e - a potion of haste


   Skills:
 + Level 3.0 Fighting
 + Level 2.0 Axes
 + Level 2.0 Dodging
 + Level 6.6 Stealth


You couldn't memorise any spells.
You didn't know any spells.
Your spell library was empty.

Dungeon Overview and Level Annotations

Branches:
Dungeon (6/15)
 Temple: D:4-7

Altars:


Innate Abilities, Weirdness & Mutations

You cannot wear most types of armour.
You are amphibious.
You can wear up to eight rings at the same time.
Your skin changes colour to match your surroundings (Stealth+).
Your rubbery body absorbs attacks. (AC +1, EV +1)
((You are camouflaged when in or above water. (Stealth+)))
You have tentacles for arms and can constrict up to eight enemies at once.


Message History

Found an escape hatch in the ceiling.
Found a puce potion.
You see here a +3 war axe.
g - a +3 war axe (weapon)
Found 5 stones.
There is an escape hatch in the ceiling here.
A mysterious force pulls you upwards. The hatch slams shut behind you.
Found 10 gold pieces.
Found an escape hatch in the floor.
You now have 3 gold pieces.
A quokka comes into view.
A sourceless malevolence fills the Dungeon... and a teleportation trap spontaneously manifests!
You are yanked towards some nearby monsters!
Your surroundings suddenly seem different.
An orc and 2 orc wizards come into view.
An orc wizard is wielding a +5 dagger of pain.
The quokka moves out of view.
There are monsters nearby!
The helpless orc fails to defend itself.
You hit the orc. You grab the orc.
The orc is heavily wounded.
You constrict the orc, but do no damage.
The orc wizard shouts!
The orc wizard casts a spell at you. The magic dart hits you!
The orc misses you.
You barely miss the orc.
The orc is heavily wounded.
You barely miss the orc wizard. You constrict the orc.
The orc wizard barely misses you. The orc wizard casts a spell at you.
You are confused.
The orc hits you with a +0 short sword.
You bump into the rock wall.
You constrict the orc. The orc wizard closely misses you.
The orc hits you with a +0 short sword.
You slash the orc!
You kill the orc!
You slash the orc wizard! You hit the orc wizard.
The orc wizard hits you with a +5 dagger of pain.
* * * LOW HITPOINT WARNING * * *
The orc wizard hits you with a +0 dagger.
You die...

.... ...r.##.... ...
..........## ##..
...........# ##...
..........$#. ...### .
.>........... #....##...
..............#.o)......
................@o#
...#...........#.##
#..#.......... #..
............. #...
.......#..... #...#
......##..... ....#
........ .... .....
......... ... ......
.............


You could see 2 orc wizards.

Vanquished Creatures
  An orc (D:4)
1 creature vanquished.

Notes
Turn   | Place    | Note
-------+----------+-------------------------------------------
     0 | D:5      | croobank the Octopode Delver began the quest for the Orb.
     0 | D:5      | Reached XP level 1. HP: 16/16 MP: 1/1
     1 | D:6      | Noticed an iguana
    22 | D:5      | Noticed an iguana
    35 | D:4      | Noticed an orc wizard
    35 | D:4      | Noticed an orc wizard
    39 | D:4      | Slain by an orc wizard

Illustrated notes

Levels and vault maps discovered:
D:4:      layout_cave_pools
D:5:      cheibrodos_two_vegetables, layout_loops_ring,
          minmay_temple_entry_sparse_star, uniq_grinder, uniq_prince_ribbit1
D:6:      layout_rooms, xom_butterflies

Action                   || total
-------------------------++-------
Melee: War axe           ||     3
       Constrict         ||     1
 Stab: Sleeping          ||     1
Dodge: Dodged            ||     3
